 Dungeon Crawl Stone Soup version 0.22.0-5-gf09313c (webtiles) character file.

77 Gorglomux the Chopper (level 4, 0/35 HPs)
             Began as a Formicid Gladiator on Aug 13, 2018.
             Shot with an arrow by a centaur (13 damage)
             ... on level 2 of the Dungeon.
             The game lasted 00:00:59 (1282 turns).

Gorglomux the Chopper (Formicid Gladiator)          Turns: 1282, Time: 00:01:00

Health: 0/35       AC:  3    Str: 17 (19) XL:     4   Next: 60%
Magic:  0/4        EV: 12    Int:  6 (8)  God:
Gold:   32         SH:  0    Dex: 11 (12) Spells: 3/3 levels left

rFire    . . .     SeeInvis +   a - +0 war axe
rCold    . . .     Gourm    .   (no shield)
rNeg     . . .     Faith    .   b - +0 leather armour
rPois    .         Spirit   +   (helmet unavailable)
rElec    .         Reflect  .   O - scarf {Spirit}
rCorr    .         Harm     .   (no gloves)
MR       .....                  (no boots)
Stlth    +.........             (no amulet)
HPRegen  0.11/turn              (no ring)
MPRegen  0.09/turn              (no ring)

@: drained
A: permanent stasis, dig shafts and tunnels, four strong arms, antennae 3
a: Dig, Shaft Self


You were on level 2 of the Dungeon.
You were not hungry.

You visited 1 branch of the dungeon, and saw 2 of its levels.

You collected 32 gold pieces.

Inventory:

Hand Weapons
 a - a +0 war axe (weapon)
Missiles
 Z - 3 throwing nets (quivered)
Armour
 b - a +0 leather armour (worn)
 O - a scarf of spirit shield (worn)
Jewellery
 P - a +5 ring of dexterity {unknown}
Scrolls
 S - a scroll of identify {unknown}
 T - 3 scrolls of remove curse {unknown}
 U - a scroll of amnesia {unknown}
 V - a scroll of random uselessness {unknown}
 Y - a scroll of fear {unknown}
Potions
 Q - a potion of curing
 W - a potion of lignification {unknown}
 X - a potion of heal wounds
Comestibles
 d - 4 rations
 R - a chunk of flesh


   Skills:
 + Level 3.3(2.4) Fighting
 + Level 3.8(2.9) Axes
 - Level 2.0(1.1) Throwing
 + Level 2.2(1.3) Armour
 - Level 2.6(1.8) Dodging


You had 3 spell levels left.
You didn't know any spells.
Your spell library was empty.

Dungeon Overview and Level Annotations

Branches:
Dungeon (2/15)

Altars:


Innate Abilities, Weirdness & Mutations

You cannot be hasted, slowed, berserked, paralysed or teleported.
You can dig through walls and to a lower floor.
Your four strong arms can wield two-handed weapons with a shield.
You have a pair of large antennae on your head. (SInv)


Message History

A kobold is nearby!!!
You barely miss the kobold!
The kobold hits butt with a quarterstaff!
The kobold butts you with a quarterstaff!!!
You closely miss the butt!
A centaur comes into view!
The kobold misses you!
The centaur shouts!!!
You cut the kobold into ribbons!
You annihilate the kobold!!!
The centaur wields a shortbow!
The centaur shoots an arrow!
The arrow closely misses you!
The centaur shoots an arrow!
The arrow hits you!
Found 11 sling bullets!
Items here: !!! ( ) [ † an arrow; a quarterstaff; a leather armour; a coppery potion; a kobold corpse Unknown command!
A centaur is nearby!!!
The centaur shoots an arrow!
The arrow hits you!!! rip

.....##.##.......#
......$..........#
.................#
#...............#
#..(c...........# .#
............?...# #.#
.(..............###.# ##
....)..@...).....##.##..
##......(......#........
##.....#(....###.......
#..####.#######.......
#.. ##)# ##......... #.
#..## #..#...<... #
##.÷###.##.......
##.....##.......
#..#####.......


You could see a centaur.

Vanquished Creatures
  A hound zombie (D:2)
  2 adders (D:2)
  A dart slug (D:1)
  2 leopard geckos (D:1)
  A ball python (D:2)
  2 giant cockroaches (D:1)
  9 goblins
  8 hobgoblins
  3 kobolds
  A bat (D:1)
  3 frilled lizards
  4 rats
37 creatures vanquished.

Notes
Turn   | Place    | Note
-------+----------+-------------------------------------------
     0 | D:1      | Gorglomux the Formicid Gladiator began the quest for the Orb.
     0 | D:1      | Reached XP level 1. HP: 16/16 MP: 1/1
    76 | D:1      | Reached XP level 2. HP: 23/23 MP: 2/2
   151 | D:1      | Reached skill level 1 in Armour
   454 | D:1      | Reached XP level 3. HP: 27/28 MP: 3/3
   935 | D:2      | HP: 1/28 [adder (4)]
   943 | D:2      | Reached skill level 3 in Fighting
   944 | D:2      | Reached XP level 4. HP: 8/35 MP: 1/4
  1279 | D:2      | Noticed a centaur
  1282 | D:2      | Shot with an arrow by a centaur

Skill      XL: |  1  2  3 |
---------------+----------+-----
Armour         | 1 2 |  2.2
Fighting       | 3 |  3.3
Axes           | |  3.8
Throwing       | |  2.0
Dodging        | |  2.6

Action                   |  1- 3 |  4- 6 || total
-------------------------+-------+-------++-------
Melee: War axe           |    83 |    31 ||   114
 Abil: Dig               |       |     1 ||     1
  Use: Potion            |     4 |       ||     4
  Eat: Chunk             |       |     2 ||     2
Armor: Leather armour    |    33 |     7 ||    40
Dodge: Dodged            |    48 |    24 ||    72
